 Dungeon Crawl Stone Soup version 0.29.1-1-gd02db6906a (webtiles) character file.

Game seed: 3496520791073593453

13777 virigoth the Severer (level 11, 0/102 HPs)
             Began as a Minotaur Berserker on Sept 18, 2022.
             Was an Elder of Trog.
             Shot with an arrow by Nessos (5 damage)
             ... on level 12 of the Dungeon.
             The game lasted 01:00:09 (16309 turns).

virigoth the Severer (Minotaur Berserker)          Turns: 16309, Time: 01:00:10

Health: 0/102      AC: 14    Str: 27    XL:     11   Next: 80%
Magic:  10/10      EV: 13    Int:  4    God:    Trog [****..]
Gold:   252        SH:  0    Dex: 15    Spells: 10/10 levels left

rFire   . . .      SeeInvis .   R - +0 broad axe
rCold   . . .      Faith    .   (no shield)
rNeg    . . .      Spirit   .   M - +0 plate armour
rPois   .          Reflect  .   (helmet restricted)
rElec   .          Harm     .   W - +0 cloak
rCorr   .          Rampage  .   (no gloves)
Will    ++...                   (no boots)
Stlth   ..........              P - amulet of regeneration
HPRegen 2.07/turn               i - +4 ring of evasion
MPRegen 0.12/turn               K - +6 ring of dexterity

@: lethally poisoned (0 -> -9), strong-willed, on berserk cooldown,
regenerating, slowed, very slow
A: horns 2, retaliatory headbutt
a: Renounce Religion, Berserk, Trog's Hand, Brothers in Arms


You were on level 12 of the Dungeon.
You worshipped Trog.
Trog was greatly pleased with you.
You visited 2 branches of the dungeon, and saw 13 of its levels.

You collected 615 gold pieces.
You spent 363 gold pieces at shops.

Inventory:

Hand Weapons
 a - a +1 long sword of holy wrath
 G - a +2 vampiric whip
 R - a +0 broad axe (weapon)
 T - a +1 hand axe of freezing
 U - a +4 spear of flaming
Missiles
 f - 27 poisoned darts (quivered)
 X - a throwing net
Armour
 j - a +0 kite shield
 D - a +1 scale mail of fire resistance
 M - a +0 plate armour (worn)
 W - a +0 cloak (worn)
 Y - a +1 scale mail of cold resistance
Jewellery
 i - a +4 ring of evasion (left hand)
 v - a ring of ice
 y - an amulet of reflection
 J - an amulet of reflection
 K - a +6 ring of dexterity (right hand)
 P - an amulet of regeneration (around neck)
Wands
 c - a wand of polymorph (4)
 w - a wand of paralysis (8)
 L - a wand of mindburst (11)
 O - a wand of flame (6)
 Q - a wand of iceblast (3)
Scrolls
 d - 2 scrolls of enchant weapon {unknown}
 g - 2 scrolls of vulnerability {unknown}
 h - 10 scrolls of identify
 l - 2 scrolls of immolation
 m - 2 scrolls of fear {unknown}
 n - 2 scrolls of butterflies {unknown}
 p - a scroll of noise {unknown}
 r - 2 scrolls of poison {unknown}
 s - 4 scrolls of blinking
 t - 3 scrolls of teleportation
 B - 2 scrolls of amnesia {unknown}
 F - a scroll of brand weapon {unknown}
 N - a scroll of magic mapping {unknown}
Potions
 b - 3 potions of heal wounds
 e - 4 potions of curing
 o - 2 potions of might
 z - a potion of ambrosia
 A - 4 potions of haste {unknown}
 E - a potion of attraction {unknown}
 H - a potion of lignification {unknown}


   Skills:
 + Level 11.0 Fighting
 - Level 18.0 Axes
 * Level 1.7 Throwing
 - Level 7.0 Armour
 * Level 3.6 Dodging
 - Level 5.0 Shields
 - Level 1.0 Evocations


You had 10 spell levels left.
You didn't know any spells.
Your spell library was empty.

Dungeon Overview and Level Annotations

Branches:
Dungeon (12/15)            Temple (1/1) D:5            Lair (0/5) D:11
    Orc: D:9-12

Altars:
Ashenzari
Cheibriados
Dithmenos
Elyvilon
Fedhas
Gozag
Hepliaklqana
Makhleb
Okawaru
Ru
Trog
Vehumet
Xom
Yredelemnul
Zin
The Shining One
Jiyva

Shops:
D:3 *   D:4 =[[!

Portals:
Trove: D:10 (give +3 gold dragon scales)

Annotations:
D:1 exclusion: downstairs
D:3 3 runed translucent doors, exclusions: door, orc and 1 more exclusion, XxsatanxX's ghost, weakling MiBe
D:9 3 runed translucent doors, 1 exclusion, Fractals's ghost, journeyman MiFi
D:10 +3 dragon scales treasure trove
D:12 Nessos


Innate Abilities, Weirdness & Mutations

You have a pair of horns on your head.
You reflexively headbutt those who attack you in melee.


Message History

Nessos unwields a +1 longbow of flaming.
It stops flaming.
Nessos closely misses you. Nessos kicks you but does no damage.
You slice Nessos!! Your headbutt misses Nessos.
Nessos is moderately wounded.
You feel very sick. Nessos barely misses you.
Nessos kicks you but does no damage. Nessos hits you.
Nessos kicks you but does no damage.
You barely miss Nessos.
Nessos is moderately wounded.
You feel sick. Nessos hits you but does no damage.
Nessos kicks you but does no damage.
Nessos mumbles some strange words.
Nessos blinks!
You slice Nessos!! You headbutt Nessos.
Nessos is severely wounded.
You feel sick. Nessos barely misses you. Nessos kicks you but does no damage.
Nessos barely misses you. Nessos kicks you but does no damage.
You hit Nessos but do no damage. You headbutt Nessos.
Nessos is severely wounded.
You feel sick. Nessos hits you but does no damage.
Nessos kicks you but does no damage. Nessos hits you. Nessos barely misses you.
Nessos hits you. Nessos misses you.
You slash Nessos! Your headbutt misses Nessos.
Nessos is almost dead.
You feel sick. Nessos hits you but does no damage. Nessos kicks you.
Nessos gestures wildly while chanting.
Nessos blinks!
You feel sick.
Nessos wields a +1 longbow of flaming.
It bursts into flame!
Nessos shoots an arrow.
The arrow hits you!!
* * * LOW HITPOINT WARNING * * *
The arrow burns you.
You are more poisoned.
* * * LOW HITPOINT WARNING * * *
Nessos casts a spell.
Nessos blinks!
Nessos shoots an arrow.
The arrow hits you!
* * * LOW HITPOINT WARNING * * *
The arrow burns you.
You are lethally poisoned!
You die...

...# #..# #..# #..# ####
#..# #.. ######..## #.#
##........#####.#####.#
##...###...........c..ยง#
#.....##..######@#######
.......#..# #.#
..........# #.#
.......#### #.# #........
..# #.....#### ####
....#.# #^###.# #.# #


You could see Nessos (fast).

Vanquished Creatures
  Harold (D:11)
  A vault guard (D:10)
  2 two-headed ogres (D:10)
  A deep elf pyromancer (D:12)
  A cyclops (D:12)
  11 centaur zombies (D:11)
  2 gargoyles
  A troll (D:9)
  2 hornets (D:10)
  Sigmund (D:6)
  A meliai zombie (D:11)
  6 yaks (D:10)
  2 steam dragons (D:10)
  3 vampire mosquitoes (D:10)
  2 wargs (D:11)
  2 acid dragons (D:11)
  4 water moccasins
  2 ice beasts
  2 ogres
  A black bear (D:4)
  2 orc warriors
  3 centaurs
  3 kobold brigands
  2 bullfrogs (D:7)
  3 gnoll sergeants
  3 necrophages
  5 wights (D:7)
  3 howler monkeys
  5 orc priests
  2 jellies
  2 hounds
  2 iguanas
  19 orc wizards
  A mummy (D:6)
  10 adders
  22 gnolls
  A shadow imp (D:7)
  2 white imps
  A worm (D:2)
  4 dart slugs (D:1)
  25 orcs
  8 endoplasms
  5 giant cockroaches
  5 goblins
  6 hobgoblins
  9 jackals
  15 kobolds
  8 quokkas
  5 ball pythons
  4 bats
  3 frilled lizards
  A hobgoblin zombie (D:6)
  An orc zombie (D:6)
  2 rats
240 creatures vanquished.

Vanquished Creatures (others)
  4 plants (D:6)
4 creatures vanquished.

Grand Total: 244 creatures vanquished

Notes
Turn   | Place    | Note
-------+----------+-------------------------------------------
     0 | D:1      | virigoth the Minotaur Berserker began the quest for the
                  | Orb.
     0 | D:1      | Reached XP level 1. HP: 19/19 MP: 0/0
   494 | D:1      | Reached XP level 2. HP: 21/27 MP: 1/1
   723 | D:1      | Reached skill level 4 in Axes
  1035 | D:1      | Noticed a great orb of eyes
  1036 | D:1      | Noticed a floating eye
  1038 | D:1      | Found a faded altar of an unknown god.
  1049 | D:1      | Noticed a floating eye
  1049 | D:1      | Noticed a great orb of eyes
  1281 | D:1      | Reached XP level 3. HP: 32/33 MP: 2/2
  1674 | D:2      | Reached ** piety under Trog
  1675 | D:2      | Reached skill level 5 in Axes
  1997 | D:2      | Reached XP level 4. HP: 28/40 MP: 3/3
  3057 | D:3      | Found Caqokkisec's General Store.
  3068 | D:3      | Bought a scroll of identify for 28 gold pieces
  3145 | D:3      | Reached skill level 6 in Axes
  3307 | D:3      | Reached XP level 5. HP: 47/47 MP: 4/4
  3739 | D:3      | Found a runed translucent gate.
  3739 | D:3      | Found a runed translucent gate.
  3739 | D:3      | Found a runed translucent gate.
  3743 | D:3      | Noticed XxsatanxX's ghost (weakling MiBe)
  4132 | D:4      | Found Egeirgh's Antique Armour Emporium.
  4159 | D:4      | Found an opulent altar of Gozag.
  4404 | D:4      | Found Fegon's Jewellery Emporium.
  4437 | D:4      | Found Imuus's Antique Armour Shop.
  4523 | D:4      | Noticed a black bear
  4530 | D:4      | Killed a black bear
  4531 | D:4      | Reached skill level 7 in Axes
  4531 | D:4      | Reached skill level 1 in Shields
  4531 | D:4      | Reached XP level 6. HP: 37/53 MP: 5/5
  5033 | D:4      | Found Fiwuzuno's Distillery.
  5041 | D:4      | Bought a potion of heal wounds for 60 gold pieces
  5239 | D:5      | Entered Level 5 of the Dungeon
  5246 | D:5      | Noticed a water moccasin
  5253 | D:5      | Killed a water moccasin
  5264 | D:5      | Found a shimmering altar of Xom.
  5292 | D:5      | Noticed a water moccasin
  5295 | D:5      | Reached skill level 8 in Axes
  5303 | D:5      | Killed a water moccasin
  5303 | D:5      | Reached *** piety under Trog
  5304 | D:5      | Reached XP level 7. HP: 39/60 MP: 6/6
  5341 | D:5      | Reached skill level 5 in Fighting
  5776 | D:5      | Found a staircase to the Ecumenical Temple.
  5923 | D:5      | Found a glowing silver altar of Zin.
  6814 | Temple   | Entered the Ecumenical Temple
  6898 | D:6      | Reached skill level 9 in Axes
  6956 | D:6      | Reached skill level 5 in Armour
  6985 | D:6      | Reached XP level 8. HP: 67/68 MP: 7/7
  7288 | D:6      | Reached skill level 10 in Axes
  7406 | D:6      | Noticed Sigmund
  7418 | D:6      | Killed Sigmund
  8327 | D:7      | Reached skill level 11 in Axes
  8434 | D:7      | Reached XP level 9. HP: 71/75 MP: 8/8
  8908 | D:7      | Reached skill level 5 in Shields
  9037 | D:8      | Reached skill level 12 in Axes
  9594 | D:8      | Reached **** piety under Trog
  9881 | D:9      | Noticed a troll
  9892 | D:9      | Killed a troll
  9893 | D:9      | Reached skill level 13 in Axes
 10049 | D:9      | Found a shadowy altar of Dithmenos.
 10060 | D:9      | Found a runed translucent gate.
 10063 | D:9      | Found a runed translucent gate.
 10064 | D:9      | Found a runed translucent gate.
 10064 | D:9      | Noticed Fractals's ghost (journeyman MiFi)
 10070 | D:9      | Found a viscous altar of Jiyva.
 10602 | D:9      | Found a radiant altar of Vehumet.
 11261 | D:10     | Entered Level 10 of the Dungeon
 11299 | D:10     | Reached XP level 10. HP: 57/86 MP: 9/9
 11403 | D:10     | Noticed a vault guard
 11416 | D:10     | Killed a vault guard
 11417 | D:10     | Reached skill level 14 in Axes
 11447 | D:10     | Found a portal to a secret trove of treasure.
 11528 | D:10     | Identified the +0 robe of the Elephant {rPois rCorr Int-2
                  | Archmagi}
 11584 | D:10     | Noticed a two-headed ogre
 11590 | D:10     | Killed a two-headed ogre
 11591 | D:10     | Reached skill level 15 in Axes
 11642 | D:10     | Found a large runed translucent door.
 11643 | D:10     | Found a large runed translucent door.
 11678 | D:10     | Noticed a two-headed ogre
 11686 | D:10     | Killed a two-headed ogre
 11952 | D:10     | Reached skill level 16 in Axes
 12105 | D:10     | Found a snail-covered altar of Cheibriados.
 12124 | D:10     | Found a sacrificial altar of Ru.
 12126 | D:10     | Paralysed by a hornet for 2 turns
 14410 | D:11     | Found a gate leading to a gauntlet.
 14603 | D:11     | Noticed a gargoyle
 14619 | D:11     | Killed a gargoyle
 14620 | D:11     | Reached XP level 11. HP: 56/97 MP: 10/10
 14711 | D:11     | Noticed Harold
 14727 | D:11     | Killed Harold
 15083 | D:11     | Found a staircase to the Lair.
 15333 | D:4      | Bought a fading chain mail for 275 gold pieces
 15333 | D:4      | Identified the +6 chain mail of Philately {rElec Int-3
                  | Dex-5 Stlth+} (You bought it in a shop on level 4 of the
                  | Dungeon)
 15833 | D:11     | Reached skill level 17 in Axes
 15893 | D:11     | Found a basalt altar of Yredelemnul.
 15930 | D:11     | Reached skill level 10 in Fighting
 15930 | D:11     | Reached skill level 18 in Axes
 15975 | D:11     | Reached skill level 1 in Evocations
 16188 | D:12     | Noticed a deep elf pyromancer
 16199 | D:12     | Killed a deep elf pyromancer
 16200 | D:12     | Reached skill level 1 in Throwing
 16291 | D:12     | Noticed Nessos
 16309 | D:12     | HP: 5/102 [Nessos/arrow (9)]
 16309 | D:12     | Shot with an arrow by Nessos

Illustrated notes

Levels and vault maps discovered:
D:1:      evilmike_arrival_rings, layout_loops_ring,
          hellmonk_ecumenical_altar_watching_god
D:2:      layout_loops_ring, chequers_serial_rivers_micro_d
D:3:      minmay_recursive_quarters, layout_basic, serial_shops,
          nicolae_shop_advertising_works [nicolae_subvault_shop_adworks],
          biasface_ghost_orc_armoury
D:4:      layout_basic, grunt_gozag_breadcrumbs, serial_shops,
          nicolae_shop_waterfront, shop, nicolae_shop_statue_plus,
          nicolae_shop_waterfront
D:5:      layout_layer_cave, zin_scriptorium, mainiacjoe_overflow_tiny_flanked,
          minmay_temple_entry_statues_pillars
D:6:      layout_rooms, nicolae_ossuary_entry_giza, kennysheep_boxes,
          uniq_sigmund
D:7:      layout_basic, st_stairs_2, dk_noncrumbling_3
D:8:      layout_basic
D:9:      layout_loops_corners, nicolae_overflow_hidden_temple,
          lemuel_tele_altar, gammafunk_ghost_ooze
D:10:     layout_roguey, jmf_multi_god_temple2, enter_trove_5
D:11:     layout_long_grid, erik_lair_orcish_takeover, gauntlet_entry_generic,
          serial_co_window_serial, co_window_corner_a, co_window_corner_a,
          co_window_of_opportunity_a, co_window_paths_a, co_window_corner_a,
          co_window_of_opportunity_a, co_window_paths_b,
          co_window_unsneaky_path_e, co_window_2corner, co_window_corner_b,
          co_window_2corner, glass_columns_c, glass_columns_c, glass_columns_b,
          glass_columns_b, glass_columns_a, nicolae_yredelemnul_corpse_copse,
          uniq_harold
D:12:     layout_loops_ring, orc_0_dummy, uniq_nessos
Temple:   regret_index_temple_waves

Skill      XL: |  1  2  3  4  5  6  7  8  9 10 11 |
---------------+----------------------------------+-----
Fighting       | 4 5 7 9 11 | 11.0
Axes           | 4 5 6 7 8 9 11 13 16 18 | 18.0
Armour         | 3 4 5 6 7 |  7.0
Shields        | 1 2 4 5 |  5.0
Evocations     | 1 |  1.0
Dodging        | 3 |  3.6
Throwing       | 1 |  1.7

Action                   |  1- 3 |  4- 6 |  7- 9 | 10-12 || total
-------------------------+-------+-------+-------+-------++-------
Melee: Hand axe          |    83 |   141 |   184 |       ||   408
       Headbutt          |     9 |    26 |    67 |    60 ||   162
       War axe           |       |       |   176 |    10 ||   186
       Broad axe         |       |       |       |   246 ||   246
       Punch             |       |       |       |     1 ||     1
Invok: Berserk           |     1 |     1 |     7 |     6 ||    15
       Trog's Hand       |       |       |       |     1 ||     1
  Use: Potion            |       |       |     1 |     6 ||     7
       Scroll            |       |       |       |     4 ||     4
Armor: Animal skin       |     5 |       |       |       ||     5
       Leather armour    |    10 |     2 |       |       ||    12
       Scale mail        |       |    26 |    60 |       ||    86
       Plate armour      |       |       |    41 |   127 ||   168
Dodge: Dodged            |    51 |    83 |   117 |   115 ||   366
Block: Kite shield       |     9 |    40 |   195 |    30 ||   274
       Reflection        |       |       |     6 |       ||     6
